 Dungeon Sprint DCSS version 0.21.1-1-g345015f (webtiles) character file.

4524 Fang the Warrior (level 10, -7/105 HPs)
             Began as a Minotaur Berserker on June 8, 2018.
             Was the Champion of Trog.
             Killed from afar by a fire dragon (20 damage)
             ... with a blast of flame
             ... in the Dungeon (Sprint V: "Ziggurat Sprint").
             The game lasted 00:04:06 (842 turns).

Fang the Warrior (Minotaur Berserker)                Turns: 842, Time: 00:04:06

Health: -7/105     AC: 23    Str: 31    XL:     10   Next: 17%
Magic:  3/3        EV: 12    Int:  4    God:    Trog [******]
Gold:   0          SH:  0    Dex:  7    Spells: 9/9 levels left

rFire    + . .     SeeInvis .   A - +4 war axe (antimagic)
rCold    . . .     Gourm    .   (no shield)
rNeg     . . .     Faith    .   j - +5 shadow dragon scales
rPois    .         Spirit   .   (helmet restricted)
rElec    +         Reflect  .   (no cloak)
rCorr    .         Harm     .   (no gloves)
MR       .....     NoTele   +   a - +1 pair of boots of the Imp {rElec rF+ Dex-3}
Stlth    +++.......             (no amulet)
HPRegen  0.27/turn              G - ring of flight
MPRegen  0.08/turn              F - +6 ring of strength

@: berserk cooldown, slowed, very slow
A: retaliatory headbutt, horns 2
a: Berserk, Trog's Hand, Brothers in Arms, Burn Spellbooks, Renounce Religion,
Evoke Flight


You were in the Dungeon.
You worshipped Trog.
Trog was exalted by your worship.
You were very hungry.

You visited 1 branch

Inventory:

Hand Weapons
 k - a +5 executioner's axe of freezing
 u - a +4 executioner's axe of chopping
 A - a +4 antimagic war axe (weapon)
Armour
 a - the +1 pair of boots of the Imp (worn) {rElec rF+ Dex-3}
   (You found it in the Dungeon)

   It affects your dexterity (-3).
   It protects you from fire.
   It insulates you from electricity.
 j - +5 shadow dragon scales (worn)
Jewellery
 B - an uncursed ring of fire
 F - a +6 ring of strength (right hand)
 G - a ring of flight (left hand)
Wands
 x - a wand of disintegration (7)
 y - a wand of iceblast (7)
 z - a wand of acid (7)
Scrolls
 i - 4 scrolls of blinking
 l - 4 scrolls of enchant armour
 m - 7 scrolls of fog
 n - a scroll of holy word
 o - 5 scrolls of identify
 p - 5 scrolls of remove curse
 q - 2 scrolls of fear
Potions
 d - 9 potions of curing
 e - 9 potions of heal wounds
 f - 6 potions of haste
 g - 7 potions of magic
 h - 3 potions of berserk rage
 r - 2 potions of brilliance
 s - 2 potions of invisibility
 t - 4 potions of resistance
 v - 5 potions of agility
 w - 5 potions of might
Miscellaneous
 b - 2 boxes of beasts
 D - a phial of floods
Comestibles
 c - 6 rations
 C - 3 chunks of flesh


   Skills:
 + Level 15.3 Fighting
 + Level 15.2(15.7) Axes
   Level 6.9(12.1) Polearms
 + Level 12.0 Armour
 + Level 7.9 Dodging
 + Level 5.0 Stealth


You had 9 spell levels left.
You didn't know any spells.

Dungeon Overview and Level Annotations

Branches:
Dungeon (1/1)

Altars:
Ashenzari
Cheibriados
Dithmenos
Elyvilon
Fedhas
Gozag
Hepliaklqana
Kikubaaqudgha
Makhleb
Nemelex Xobeh
Okawaru
Qazlal
Ru
Sif Muna
Trog
Uskayaw
Vehumet
Wu Jian
Xom
Yredelemnul
Zin
The Shining One
Beogh
Jiyva
Lugonu

Annotations:
D 1 transporter


Innate Abilities, Weirdness & Mutations

You reflexively headbutt those who attack you in melee.
You have a pair of horns on your head.


Message History

* * * LOW HITPOINT WARNING * * *
The fire dragon barely misses you.
The fire dragon tramples you but does no damage.
Unknown command.
You closely miss the fire dragon.
The fire dragon is heavily wounded.
The vault guard blocks your attack.
Unknown command.
You slice the fire dragon!!
The fire dragon is severely wounded.
You hit the vault guard but do no damage.
You are no longer berserk.
You are exhausted.
You feel yourself slow down. The vault guard closely misses you.
You furiously retaliate!
You headbutt the vault guard.
The yaktaur shoots a bolt.
The bolt hits you!
* * * LOW HITPOINT WARNING * * *
The fire dragon breathes flames at you. The blast of flame hits you!
You resist.
You die...

▓...©....▓...©....▓
▓▓▓▓▓▓▓▓▓▓▓▓▓▓▓▓▓▓▓
▓...8©8...▓..8©8..▓
▓..:[}"...▓..)||..▓
▓...:|}...▓...)}..▓
▓.........▓.))....▓
▓..c......▓..))...▓
▓..))p....▓..()...▓
▓..D@)....▓...(...▓
▓.▓.....▓.▓...(...▓
▓..(.©....▓...©(..▓
▓▓▓▓▓▓▓▓▓▓▓▓▓▓▓▓▓▓▓
▓..8©8..▓ ▓..)....▓
▓...)[..▓ ▓.......▓
▓...)...▓


You could see a fire dragon, a vault guard and a yaktaur.

Vanquished Creatures
  A vault guard (D)
  A deep elf knight (D)
  A wizard (D)
  A yaktaur (D)
  2 merfolk (D)
  A hippogriff (D)
  2 hell hounds (D)
  A necrophage (D)
  An orc warrior (D)
  2 phantoms (D)
  3 centaurs (D)
  A crimson imp (D)
  A quasit (D)
  An orc priest (D)
  2 orc wizards (D)
  A mummy (D)
  2 shadow imps (D)
  2 ufetubi (D)
  2 adder zombies (D)
  2 orcs (D)
  A bat skeleton (D)
  A ball python skeleton (D)
  A giant cockroach zombie (D)
  A quokka zombie (D)
34 creatures vanquished.

Notes
Turn   | Place    | Note
-------+----------+-------------------------------------------
     0 | D        | Found the +6 Majin-Bo {vamp, Archmagi MP+6 Int+6}
     0 | D        | Fang the Minotaur Berserker began the quest for the Orb.
     0 | D        | Reached XP level 1. HP: 19/19 MP: 0/0
     3 | D        | Found a blossoming altar of Fedhas.
     4 | D        | Found a viscous altar of Jiyva.
     4 | D        | Found a hazy altar of Hepliaklqana.
     4 | D        | Found a transporter.
     4 | D        | Found an opulent altar of Gozag.
     4 | D        | Found an ancient bone altar of Kikubaaqudgha.
     4 | D        | Found a corrupted altar of Lugonu.
    10 | D        | Found a burning altar of Makhleb.
    11 | D        | Found a stormy altar of Qazlal.
    11 | D        | Found a sacrificial altar of Ru.
    11 | D        | Found an iron altar of Okawaru.
    11 | D        | Found a deep blue altar of Sif Muna.
    11 | D        | Found a sparkling altar of Nemelex Xobeh.
    11 | D        | Found a bloodstained altar of Trog.
    83 | D        | Entered arena 2.
    83 | D        | Found a transporter.
    88 | D        | Reached skill level 5 in Fighting
    88 | D        | Reached skill level 5 in Axes
    88 | D        | Reached XP level 2. HP: 29/29 MP: 1/1
   128 | D        | Entered arena 3.
   128 | D        | Noticed a phantom
   128 | D        | Noticed a phantom
   128 | D        | Found a transporter.
   132 | D        | Reached ** piety under Trog
   134 | D        | Killed a phantom
   134 | D        | Reached XP level 3. HP: 39/39 MP: 2/2
   134 | D        | Reached XP level 4. HP: 47/47 MP: 3/3
   138 | D        | Killed a phantom
   138 | D        | Reached XP level 5. HP: 56/56 MP: 4/4
   142 | D        | Got the +1 pair of boots of the Imp {rElec rF+ Dex-3}
   177 | D        | Entered arena 4.
   177 | D        | Noticed a necrophage
   177 | D        | Found a transporter.
   179 | D        | Reached *** piety under Trog
   182 | D        | Killed a necrophage
   182 | D        | Reached XP level 6. HP: 64/64 MP: 5/5
   192 | D        | Reached **** piety under Trog
   329 | D        | Entered arena 5.
   329 | D        | Noticed a hell hound
   329 | D        | Noticed a hell hound
   329 | D        | Found a transporter.
   333 | D        | Killed a hell hound
   333 | D        | Reached skill level 10 in Fighting
   333 | D        | Reached skill level 10 in Axes
   333 | D        | Reached skill level 5 in Polearms
   333 | D        | Reached skill level 5 in Armour
   333 | D        | Reached skill level 5 in Dodging
   333 | D        | Reached skill level 1 in Stealth
   336 | D        | Killed a hell hound
   337 | D        | Reached ***** piety under Trog
   337 | D        | Reached XP level 7. HP: 73/73 MP: 6/6
   380 | D        | Entered arena 6.
   380 | D        | Found a transporter.
   388 | D        | Received a gift from Trog
   403 | D        | Entered arena 7.
   403 | D        | Noticed a hippogriff
   403 | D        | Noticed a merfolk
   403 | D        | Noticed a merfolk
   405 | D        | Found a transporter.
   412 | D        | Killed a hippogriff
   412 | D        | Reached ****** piety under Trog
   412 | D        | Reached XP level 8. HP: 65/85 MP: 2/7
   419 | D        | Reached XP level 9. HP: 14/93 MP: 2/8
   422 | D        | Killed a merfolk
   428 | D        | Killed a merfolk
   428 | D        | Received a gift from Trog
   763 | D        | Entered arena 8.
   764 | D        | Found a transporter.
   825 | D        | Entered arena 9.
   825 | D        | Noticed a fire dragon
   825 | D        | Noticed a vault guard
   825 | D        | Noticed a wizard
   825 | D        | Noticed a yaktaur
   825 | D        | Noticed a yaktaur
   825 | D        | Noticed a deep elf knight
   825 | D        | Noticed a vault guard
   827 | D        | Found a transporter.
   832 | D        | Killed a deep elf knight
   832 | D        | Reached skill level 10 in Armour
   833 | D        | Killed a vault guard
   833 | D        | Received a gift from Trog
   838 | D        | Killed a wizard
   838 | D        | Reached skill level 15 in Fighting
   838 | D        | Reached skill level 15 in Axes
   838 | D        | Reached skill level 5 in Stealth
   838 | D        | Reached XP level 10. HP: 48/105 MP: 3/9
   842 | D        | Killed from afar by a fire dragon

Skill      XL: |  1  2  3  4  5  6  7  8  9 10 |
---------------+-------------------------------+-----
Fighting       | 5 7 8 9 10 12 13 15 | 15.3
Axes           | 5 7 8 9 10 11 12 15 | 15.2
Armour         | 3 4 6 7 11 12 | 12.0
Polearms       | 2 4 6 |  6.9
Dodging        | 3 4 5 7 |  7.9
Stealth        | 1 2 4 5 |  5.0

Action                   |  1- 3 |  4- 6 |  7- 9 | 10-12 || total
-------------------------+-------+-------+-------+-------++-------
Melee: Demon trident     |     7 |    16 |     8 |       ||    31
       Headbutt          |     2 |     1 |     8 |       ||    11
       War axe           |       |       |    38 |     4 ||    42
Invok: Berserk           |     2 |     2 |     2 |       ||     6
       Burn Spellbooks   |       |     1 |       |       ||     1
  Use: Scroll            |     1 |       |     1 |       ||     2
       Potion            |       |       |     3 |       ||     3
  Eat: Ration            |       |       |     1 |       ||     1
       Chunk             |       |       |     1 |       ||     1
Armor: Shadow dragon sca |       |     2 |    39 |     4 ||    45
Dodge: Dodged            |       |     8 |    32 |     4 ||    44
